 Dungeon Crawl Stone Soup version 0.22-a0-803-gd6d8abe (webtiles) character file.

78 iamserjio the Conjurer (level 4, 0/24 HPs)
             Began as a Tengu Fire Elementalist on July 22, 2018.
             Slain by an adder (4 damage)
             ... on level 2 of the Dungeon.
             The game lasted 00:05:48 (714 turns).

iamserjio the Conjurer (Tengu Fire Elementalist)     Turns: 714, Time: 00:05:49

Health: 0/24       AC:  2    Str:  8    XL:     4   Next: 36%
Magic:  3/8        EV: 12    Int: 17    God:
Gold:   54         SH:  0    Dex: 14    Spells: 3/7 levels left

rFire    . . .     SeeInvis .   f - +0 short sword (curse)
rCold    . . .     Gourm    .   (no shield)
rNeg     . . .     Faith    .   a - +0 robe
rPois    .         Spirit   .   (helmet restricted)
rElec    .         Reflect  .   (no cloak)
rCorr    .         Harm     .   (no gloves)
MR       .....                  (boots unavailable)
Stlth    ++........             (no amulet)
HPRegen  0.08/turn              (no ring)
MPRegen  0.11/turn              (no ring)

@: lethally poisoned (0 -> -2)
A: beak, talons 3
a: no special abilities


You were on level 2 of the Dungeon.
You were not hungry.

You visited 1 branch of the dungeon, and saw 3 of its levels.

You collected 54 gold pieces.

Inventory:

Hand Weapons
 e - a +0 hunting sling
 f - a cursed +0 short sword (weapon)
Missiles
 b - 32 stones (quivered)
Armour
 a - a +0 robe (worn)
Scrolls
 d - 3 scrolls of identify {unknown}
 k - a scroll of noise {unknown}
Potions
 g - 2 potions of agility {unknown}
 h - a potion of haste {unknown}
 i - 2 potions of lignification {unknown}
 j - a potion of brilliance {unknown}
 l - a potion of flight {unknown}
Comestibles
 c - 6 rations


   Skills:
 - Level 2.1 Dodging
 - Level 2.0 Stealth
 + Level 2.3 Spellcasting
 * Level 4.1 Conjurations
 * Level 4.0 Fire Magic


You had 3 spell levels left.
You knew the following spells:

 Your Spells              Type           Power        Failure   Level  Hunger
a - Flame Tongue          Conj/Fire      ###..        3%          1    #......
b - Conjure Flame         Conj/Fire      ###.....     11%         3    ###....

Your spell library contained the following spells:

 Spells                   Type           Power        Failure   Level  Hunger
 Fireball                 Conj/Fire      ###.......   67%         5    ######.
 Throw Flame              Conj/Fire      ###...       5%          2    ##.....
 Sticky Flame             Conj/Fire      ###.....     34%         4    #####..
 Inner Flame              Hex/Fire       #.......     24%         3    ###....


Dungeon Overview and Level Annotations

Branches:
Dungeon (3/15)

Altars:
Qazlal


Innate Abilities, Weirdness & Mutations

You have a beak for a mouth.
You have claws for feet.


Message History

* * * LOW HITPOINT WARNING * * *
You are poisoned.
The adder poisons you!
Casting: Flame Tongue (safe; 3% risk of failure)
Confirm with . or Enter, or press ? or * to list all spells.
Aiming: Flame Tongue (safe; 3% risk of failure)
Press: ? - help, Shift-Dir - straight line, f/p - adder
Aim: an adder (severely wounded)
The flame tongue hits the adder.
You kill the adder!
You feel sick.
You feel sick.
You feel sick.
Found a leather armour.
Why would you want to do that?
An adder comes into view.
You feel sick.
The adder hisses angrily.
The adder bites you.
You die...

#...§§#≈##≈...##)# #
#.§§.#≈§≈≈≈...##.# #
#.§§§#≈§_≈≈≈≈...#. .
#..§.#≈.>§#≈§.##.# # #
#..§≈#≈§§≈§§..# #
#.#..§§≈#≈'##≈..#
#.....≈≈≈§.§.≈..#
#........§§.....#
#.S@....§.....# ###
#.....######..####...#
#####.#...............
#.#.#####...#...## ...
#..#.#..# ... ##.#._.#
.... #...#.#...# .....
#.....#....#
.................#


You could see an adder.

Vanquished Creatures
  A gnoll (D:3)
  3 adders
  An ooze (D:2)
  A worm (D:2)
  2 dart slugs
  5 goblins
  3 hobgoblins
  4 jackals (D:2)
  2 kobolds
  A ball python (D:1)
  3 bats (D:1)
  2 frilled lizards
  4 rats
32 creatures vanquished.

Notes
Turn   | Place    | Note
-------+----------+-------------------------------------------
     0 | D:1      | iamserjio the Tengu Fire Elementalist began the quest for the Orb.
     0 | D:1      | Reached XP level 1. HP: 10/10 MP: 4/4
   105 | D:1      | Reached XP level 2. HP: 6/15 MP: 0/6
   181 | D:2      | Found a stormy altar of Qazlal.
   318 | D:2      | Reached XP level 3. HP: 7/19 MP: 5/7
   412 | D:2      | Learned a level 3 spell: Conjure Flame
   609 | D:3      | Reached XP level 4. HP: 16/24 MP: 1/8
   689 | D:2      | Found a faded altar of an unknown god.
   714 | D:2      | Slain by an adder

Vault maps used:
D:1:      dpeg_arrival_simpleton_a
D:2:      chequers_ecumenical_altar_simple_redux,
          nicolae_qazlal_general_emergency

Skill      XL: |  1  2  3  4 |
---------------+-------------+-----
Conjurations   | 2 3 4 |  4.1
Fire Magic     | 4 |  4.0
Dodging        | |  2.1
Stealth        | |  2.0
Spellcasting   | |  2.3

Action                   |  1- 3 |  4- 6 || total
-------------------------+-------+-------++-------
Melee: Unarmed           |     2 |       ||     2
       Short sword       |    15 |     9 ||    24
       Kick              |     1 |     1 ||     2
       Peck              |     1 |     1 ||     2
 Cast: Flame Tongue      |    45 |    11 ||    56
 Stab: Sleeping          |     1 |       ||     1
Armor: Robe              |     5 |     4 ||     9
Dodge: Dodged            |    24 |    17 ||    41

Table legend:
 A = Spawn XP
 B = Non-spawn XP
 C = Spawn XP percentage of total XP
 D = Spawn monster count
 E = Non-spawn monster count
 F = Spawn count percentage of total count
 G = Total turns spent on level
                    A         B        C        D         E        F      G
               +---------+---------+-------+---------+---------+-------+---------
         Total |       0 |     112 |   0.0 |       0 |      32 |   0.0 |   714
               +---------+---------+-------+---------+---------+-------+---------
           D:1 |       0 |      22 |   0.0 |       0 |      13 |   0.0 |   310
           D:2 |       0 |      61 |   0.0 |       0 |      16 |   0.0 |   328
           D:3 |       0 |      29 |   0.0 |       0 |       3 |   0.0 |    76
               +---------+---------+-------+---------+---------+-------+---------
